3AAA
SALT LAKE CITY BUZZ @ ELLENBURG FIGHTING DACHSUNDS
08/23/2042
 
TOP OF THE 1ST
Salt Lake City Buzz batting - Pitching for Ellenburg Fighting Dachsunds : RHP Jessie Young
Pitching: RHP Jessie Young
Batting: RHB Vinnie Nuyten 0-0: Called Strike
0-1: SINGLE (Line Drive, 9S, EV 95.0 MPH)
Batting: RHB César Vélez 0-0: Swinging Strike
0-1: Ball
1-1: Called Strike
Pickoff Throw to First - Out! 1-3
1-2: Ball
2-2: Strikes out looking
Batting: RHB Juan Neváres 0-0: Ball
1-0: Ball
2-0: Ball
3-0: Base on Balls
Batting: LHB Aaron Day 0-0: Called Strike
0-1: 2-RUN HOME RUN (Flyball, 9LD, EV 100.6 MPH), Distance : 341 ft
Batting: RHB Falco Opsteegh 0-0: Foul Ball, location: 2F
0-1: Ground out 4-3 (Groundball, 4, EV 100.6 MPH)
Top of the 1st over - 2 runs, 2 hits, 0 errors, 0 left on base; Salt Lake City 2 - Ellenburg 0
BOTTOM OF THE 1ST
Ellenburg Fighting Dachsunds batting - Pitching for Salt Lake City Buzz : RHP Masao Myoga
Pitching: RHP Masao Myoga
Batting: LHB Tony Worley 0-0: Ball
1-0: Called Strike
1-1: Ball
2-1: Fly out, F4 (Line Drive, 4, EV 75.0 MPH)
Batting: RHB David Alcabú 0-0: Ground out 4-3 (Groundball, 4S, EV 81.2 MPH)
Batting: LHB Javier Castro 0-0: Ball
1-0: Foul Ball, location: 2F
1-1: Ground out 6-3 (Groundball, 6S, EV 68.8 MPH)
Bottom of the 1st over - 0 runs, 0 hits, 0 errors, 0 left on base; Salt Lake City 2 - Ellenburg 0
TOP OF THE 2ND
Salt Lake City Buzz batting - Pitching for Ellenburg Fighting Dachsunds : RHP Jessie Young
Batting: RHB Fytor Ceia 0-0: Ball
1-0: Ball
2-0: Swinging Strike
2-1: Swinging Strike
2-2: Strikes out swinging
Batting: RHB Ernesto Rivera 0-0: Called Strike
0-1: Ball
1-1: Ground out 3-1 (Groundball, 34, EV 108.1 MPH)
Batting: RHB Alexis Hines 0-0: Ground out 6-3 (Groundball, 6, EV 94.4 MPH)
Top of the 2nd over - 0 runs, 0 hits, 0 errors, 0 left on base; Salt Lake City 2 - Ellenburg 0
BOTTOM OF THE 2ND
Ellenburg Fighting Dachsunds batting - Pitching for Salt Lake City Buzz : RHP Masao Myoga
Batting: LHB Mike Johnstone 0-0: Foul Ball, location: 2F
0-1: Ball
1-1: Ball
2-1: Ground out U3 (Groundball, 3L, EV 103.8 MPH)
Batting: RHB Sze Qi 0-0: Called Strike
0-1: Ball
1-1: Ball
2-1: Ball
3-1: Called Strike
3-2: Foul Ball, location: 2F
3-2: Strikes out looking
Batting: LHB Eric Manchester 0-0: Swinging Strike
0-1: Called Strike
0-2: Ball
1-2: Ball
2-2: Strikes out swinging
Bottom of the 2nd over - 0 runs, 0 hits, 0 errors, 0 left on base; Salt Lake City 2 - Ellenburg 0
TOP OF THE 3RD
Salt Lake City Buzz batting - Pitching for Ellenburg Fighting Dachsunds : RHP Jessie Young
Batting: LHB Glenn Lockhart 0-0: Foul Ball, location: 2F
0-1: Called Strike
0-2: Strikes out swinging
Batting: RHB Vinnie Nuyten 0-0: Ball
1-0: Called Strike
1-1: Fly out, F7 (Line Drive, 7, EV 85.0 MPH)
Batting: RHB César Vélez 0-0: Foul Ball, location: 2F
0-1: Called Strike
0-2: Ball
1-2: Ground out 3-1 (Groundball, 34, EV 94.4 MPH)
Top of the 3rd over - 0 runs, 0 hits, 0 errors, 0 left on base; Salt Lake City 2 - Ellenburg 0
BOTTOM OF THE 3RD
Ellenburg Fighting Dachsunds batting - Pitching for Salt Lake City Buzz : RHP Masao Myoga
Batting: LHB Larry Moore 0-0: Ball
1-0: Ground out 6-3 (Groundball, 6, EV 105.6 MPH)
Batting: RHB Kent Potter 0-0: Ball
1-0: Fly out, F8 (Flyball, 89M, EV 95.0 MPH)
Batting: RHB Alexander Conley 0-0: Ball
1-0: Swinging Strike
1-1: Ball
2-1: SINGLE (Groundball, 6D, EV 105.0 MPH)
Batting: LHB Tony Worley 0-0: Ball
1-0: Foul Ball, location: 2F
1-1: Ball
2-1: Ball
3-1: Fly out, F5 (Popup, 5SF, EV 84.4 MPH)
Bottom of the 3rd over - 0 runs, 1 hit, 0 errors, 1 left on base; Salt Lake City 2 - Ellenburg 0
TOP OF THE 4TH
Salt Lake City Buzz batting - Pitching for Ellenburg Fighting Dachsunds : RHP Jessie Young
Batting: RHB Juan Neváres 0-0: Swinging Strike
0-1: Foul Ball, location: 2F
0-2: SINGLE (Line Drive, 9LS, EV 88.8 MPH)
Batting: LHB Aaron Day 0-0: Ball
1-0: Called Strike
1-1: Ball
2-1: Ball
3-1: Ground out 6-3 (Groundball, 4, EV 93.8 MPH)
Juan Neváres to second
Batting: RHB Falco Opsteegh 0-0: Ball
1-0: Foul Ball, location: 2F
1-1: Ground out 4-3 (Groundball, 4M, EV 78.8 MPH)
Juan Neváres to third
Batting: RHB Fytor Ceia 0-0: Ball
1-0: Ball
2-0: Called Strike
2-1: Ball
3-1: Base on Balls
Batting: RHB Ernesto Rivera 0-0: Ball
1-0: Ball
2-0: Swinging Strike
2-1: Fly out, F3 (Popup, 3SF, EV 87.5 MPH)
Top of the 4th over - 0 runs, 1 hit, 0 errors, 2 left on base; Salt Lake City 2 - Ellenburg 0
BOTTOM OF THE 4TH
Ellenburg Fighting Dachsunds batting - Pitching for Salt Lake City Buzz : RHP Masao Myoga
Batting: RHB David Alcabú 0-0: Fly out, F8 (Line Drive, 8RM, EV 97.5 MPH)
Batting: LHB Javier Castro 0-0: Ball
1-0: Foul Ball, location: 2F
1-1: Fly out, F7 (Flyball, 7LS, EV 86.9 MPH)
Batting: LHB Mike Johnstone 0-0: Called Strike
0-1: Ball
1-1: Called Strike
1-2: Ball
2-2: Ball
3-2: Foul Ball, location: 2F
3-2: Base on Balls
Batting: RHB Sze Qi 0-0: Ball
1-0: Foul Ball, location: 2F
1-1: Called Strike
1-2: Ball
2-2: Ball
Wild Pitch!
Mike Johnstone to second
3-2: Strikes out looking
Bottom of the 4th over - 0 runs, 0 hits, 0 errors, 1 left on base; Salt Lake City 2 - Ellenburg 0
TOP OF THE 5TH
Salt Lake City Buzz batting - Pitching for Ellenburg Fighting Dachsunds : RHP Jessie Young
Batting: RHB Alexis Hines 0-0: Ball
1-0: Ball
2-0: Ground out 2-3 (Groundball, 15S, EV 69.4 MPH)
Batting: LHB Glenn Lockhart 0-0: Ball
1-0: Ball
2-0: Called Strike
2-1: Called Strike
2-2: Ground out 6-3 (Groundball, 6, EV 88.8 MPH)
Batting: RHB Vinnie Nuyten 0-0: SINGLE (Groundball, 6M, EV 108.8 MPH) (infield hit)
Batting: RHB César Vélez 0-0: Called Strike
0-1: Ball
1-1: Ball
2-1: SINGLE (Flyball, 56D, EV 90.0 MPH)
Vinnie Nuyten to second
Batting: RHB Juan Neváres 0-0: Ball
1-0: Called Strike
1-1: Foul Ball, location: 2F
1-2: Strikes out swinging
Top of the 5th over - 0 runs, 2 hits, 0 errors, 2 left on base; Salt Lake City 2 - Ellenburg 0
BOTTOM OF THE 5TH
Ellenburg Fighting Dachsunds batting - Pitching for Salt Lake City Buzz : RHP Masao Myoga
Batting: LHB Eric Manchester 0-0: Ball
1-0: Ball
2-0: Ball
3-0: Called Strike
3-1: Swinging Strike
3-2: Ground out 1-3 (Groundball, 13, EV 93.1 MPH)
Batting: LHB Larry Moore 0-0: Ball
1-0: Foul Ball, location: 2F
1-1: Called Strike
1-2: Ball
2-2: Strikes out swinging
Batting: RHB Kent Potter 0-0: Ball
1-0: Ball
2-0: Foul Ball, location: 2F
2-1: Ball
3-1: Ground out 6-3 (Groundball, 6, EV 86.2 MPH)
Bottom of the 5th over - 0 runs, 0 hits, 0 errors, 0 left on base; Salt Lake City 2 - Ellenburg 0
TOP OF THE 6TH
Salt Lake City Buzz batting - Pitching for Ellenburg Fighting Dachsunds : RHP Jessie Young
Batting: LHB Aaron Day 0-0: Ball
1-0: Foul Ball, location: 2F
1-1: Foul Ball, location: 2F
1-2: Ground out 6-3 (Groundball, 4M, EV 91.2 MPH)
Batting: RHB Falco Opsteegh 0-0: Foul Ball, location: 2F
0-1: Ball
1-1: Ball
2-1: Ball
3-1: Base on Balls
Batting: RHB Fytor Ceia 0-0: Ball
1-0: Called Strike
1-1: Ball
2-1: Ball
3-1: Foul Ball, location: 2F
3-2: Strikes out swinging
Batting: RHB Ernesto Rivera 0-0: Called Strike
0-1: Ball
1-1: Ball
2-1: SINGLE (Groundball, 4MD, EV 97.5 MPH)
Falco Opsteegh to second
Batting: RHB Alexis Hines 0-0: Called Strike
0-1: Swinging Strike
0-2: Ball
1-2: Fly out, F3 (Line Drive, 3, EV 75.0 MPH)
Top of the 6th over - 0 runs, 1 hit, 0 errors, 2 left on base; Salt Lake City 2 - Ellenburg 0
BOTTOM OF THE 6TH
Ellenburg Fighting Dachsunds batting - Pitching for Salt Lake City Buzz : RHP Masao Myoga
Batting: RHB Alexander Conley 0-0: Foul Ball, location: 2F
0-1: Foul Ball, location: 2F
0-2: Fly out, F8 (Flyball, 8LXD, EV 107.5 MPH)
Batting: LHB Tony Worley 0-0: Ball
1-0: Fly out, F7 (Flyball, 7LS, EV 71.2 MPH)
Batting: RHB David Alcabú 0-0: Ball
1-0: Ball
2-0: Foul Ball, location: 2F
2-1: Foul Ball, location: 2F
2-2: Ball
3-2: Fly out, F8 (Line Drive, 8RM, EV 96.2 MPH)
Bottom of the 6th over - 0 runs, 0 hits, 0 errors, 0 left on base; Salt Lake City 2 - Ellenburg 0
TOP OF THE 7TH
Salt Lake City Buzz batting - Pitching for Ellenburg Fighting Dachsunds : RHP Jessie Young
Batting: LHB Glenn Lockhart 0-0: Called Strike
0-1: Ball
1-1: Foul Ball, location: 2F
1-2: Strikes out swinging
Pitching: RHP Joe Gorman
Batting: RHB Vinnie Nuyten 0-0: Called Strike
0-1: Ball
1-1: Swinging Strike
1-2: SINGLE (Groundball, 56D, EV 105.6 MPH)
Batting: RHB César Vélez 0-0: Ball
Vinnie Nuyten is caught stealing 2nd base 2-4
1-0: Called Strike
1-1: Ground out 6-3 (Groundball, 6MS, EV 89.4 MPH)
Top of the 7th over - 0 runs, 1 hit, 0 errors, 0 left on base; Salt Lake City 2 - Ellenburg 0
BOTTOM OF THE 7TH
Ellenburg Fighting Dachsunds batting - Pitching for Salt Lake City Buzz : RHP Masao Myoga
Batting: LHB Javier Castro 0-0: Fly out, F8 (Flyball, 8RXD, EV 99.4 MPH)
Batting: LHB Mike Johnstone 0-0: Ball
1-0: Called Strike
1-1: SINGLE (Groundball, 4MD, EV 103.8 MPH)
Batting: RHB Sze Qi 0-0: Called Strike
0-1: Fly out, F7 (Flyball, 7, EV 90.0 MPH)
Batting: LHB Eric Manchester 0-0: Ball
1-0: Ball
2-0: Called Strike
2-1: Ground out 1-3 (Groundball, 13, EV 88.1 MPH)
Bottom of the 7th over - 0 runs, 1 hit, 0 errors, 1 left on base; Salt Lake City 2 - Ellenburg 0
TOP OF THE 8TH
Salt Lake City Buzz batting - Pitching for Ellenburg Fighting Dachsunds : RHP Joe Gorman
Batting: RHB Juan Neváres 0-0: Called Strike
0-1: Fly out, F8 (Flyball, 8RM, EV 79.4 MPH)
Batting: LHB Aaron Day 0-0: Fly out, F9 (Flyball, 9, EV 92.5 MPH)
Batting: RHB Falco Opsteegh 0-0: Ball
1-0: Called Strike
1-1: Ball
2-1: Called Strike
2-2: Ground out 4-3 (Groundball, 4, EV 106.9 MPH)
Top of the 8th over - 0 runs, 0 hits, 0 errors, 0 left on base; Salt Lake City 2 - Ellenburg 0
BOTTOM OF THE 8TH
Ellenburg Fighting Dachsunds batting - Pitching for Salt Lake City Buzz : RHP Masao Myoga
Batting: LHB Larry Moore 0-0: Ground out 6-3 (Groundball, 6, EV 99.4 MPH)
Batting: RHB Kent Potter 0-0: Called Strike
0-1: Ball
1-1: Fly out, F8 (Line Drive, 8RM, EV 95.0 MPH)
Batting: RHB Alexander Conley 0-0: Foul Ball, location: 2F
0-1: Ball
1-1: Foul Ball, location: 2F
1-2: Ball
2-2: SINGLE (Groundball, 56D, EV 96.9 MPH)
Batting: LHB Tony Worley 0-0: Ball
1-0: Fielders Choice at 2nd, 6-4 (Groundball, 6, EV 84.4 MPH)
Bottom of the 8th over - 0 runs, 1 hit, 0 errors, 1 left on base; Salt Lake City 2 - Ellenburg 0
TOP OF THE 9TH
Salt Lake City Buzz batting - Pitching for Ellenburg Fighting Dachsunds : RHP Joe Gorman
Batting: RHB Fytor Ceia 0-0: Called Strike
0-1: Foul Ball, location: 2F
0-2: Ball
1-2: Strikes out looking
Batting: RHB Ernesto Rivera 0-0: Hit by Pitch
Batting: RHB Alexis Hines 0-0: Called Strike
0-1: Ball
1-1: Called Strike
1-2: Foul Ball, location: 2F
1-2: Fly out, F7 (Flyball, 7D, EV 71.9 MPH)
Batting: LHB Glenn Lockhart 0-0: Called Strike
0-1: Called Strike
0-2: SINGLE (Flyball, 56D, EV 87.5 MPH)
Ernesto Rivera to second
Batting: RHB Vinnie Nuyten 0-0: Called Strike
0-1: Ball
1-1: Called Strike
1-2: DOUBLE (Line Drive, 7LM, EV 108.8 MPH)
Ernesto Rivera scores
Glenn Lockhart to third
Runner from 3rd tries for Home, SAFE, throw by LF to trailing runner, OUT at third! 7-6-5
Top of the 9th over - 2 runs, 2 hits, 0 errors, 0 left on base; Salt Lake City 4 - Ellenburg 0
BOTTOM OF THE 9TH
Ellenburg Fighting Dachsunds batting - Pitching for Salt Lake City Buzz : RHP Masao Myoga
Pitching: RHP Ramón Granados
Batting: RHB David Alcabú 0-0: Ball
1-0: SINGLE (Line Drive, 7LS, EV 90.0 MPH)
Batting: LHB Javier Castro 0-0: Ball
1-0: Ball
2-0: Called Strike
2-1: Ball
3-1: Foul Ball, location: 2F
3-2: Base on Balls
David Alcabú to second
Pitching: RHP Dong-hwan Namgung
Batting: LHB Mike Johnstone 0-0: Ball
1-0: Ball
2-0: Foul Ball, location: 2F
2-1: Called Strike
2-2: Foul Ball, location: 2F
2-2: Strikes out looking
Batting: RHB Sze Qi 0-0: Ball
1-0: Foul Ball, location: 2F
1-1: Foul Ball, location: 2F
1-2: Foul Ball, location: 2F
1-2: Ball
2-2: Ball
3-2: Fly out, F9 (Flyball, 89D, EV 96.2 MPH)
Runner from 2nd tags up, SAFE at 3rd, no throw by RF
Batting: LHB Eric Manchester 0-0: Ball
1-0: Ball
2-0: Foul Ball, location: 2F
2-1: Called Strike
2-2: SINGLE (Line Drive, 89M, EV 103.1 MPH)
David Alcabú scores
Javier Castro to second
Batting: LHB Larry Moore 0-0: Ball
1-0: Foul Ball, location: 2F
1-1: Foul Ball, location: 2F
1-2: Ball
2-2: Strikes out swinging
Bottom of the 9th over - 1 run, 2 hits, 0 errors, 2 left on base; Salt Lake City 4 - Ellenburg 1
Friday, March 26th, 2021 - OOTP Baseball 20.8 Build 74